Kings vs Oilers

Created - April 12, 2017 at 19:24

Goals
1 2 3 OT1 T
Kings 0 1 1 1 3
Oilers 2 0 0 0 2
Shots
1 2 3 OT1 T
Kings 9 7 18 3 37
Oilers 7 17 14 5 43

1st period

1. Oilers , Aleksander Barkov 1 (Francois Beauchemin, Justin Williams) at 8:51 (PP)
2. Oilers , Aleksander Barkov 2 (Jannik Hansen, Francois Beauchemin) at 17:40 (PP)

Penalties :
Stephen Johns (LOS) for Holding (Minor) at 1:53, Alex Petrovic (EDM) for Roughing (Minor) at 4:44, Patrik Berglund (LOS) for Holding (Minor) at 7:56, Dan Hamhuis (LOS) for Interference (Minor) at 16:26, Jonathan Toews (LOS) for High sticking (Minor) at 19:10

2nd period

3. Kings , Daniel Sedin 1 (Tomas Tatar, Jonathan Toews) at 15:49

Penalties :
Stephen Johns (LOS) for Roughing (Minor) at 6:37, Tomas Tatar (LOS) for Hooking (Minor) at 9:32, Nicklas Grossmann (EDM) for Hooking (Minor) at 12:34

3rd period

4. Kings , Daniel Sedin 2 (Jonathan Toews, Niklas Kronwall) at 12:59

Penalties :
Brent Burns (EDM) for Slashing (Minor) at 6:53, Niklas Kronwall (LOS) for Hooking (Minor) at 9:58, J.T. Brown (LOS) for Holding (Minor) at 18:38

Overtime #1

5. Kings , Jonathan Toews 1 (Dan Hamhuis) at 2:37

Penalties :
No Penalty

Goalie Stats

Steve Mason (LOS), 41 saves from 43 shots - (0.953), W, 1-0-0, 62:38 minutes
Martin Jones (EDM), 34 saves from 37 shots - (0.919), OTL, 0-0-1, 62:38 minutes

Players Stats for Kings

Player Name              G  A  P  +/- PIM S  H  SB GA TA FO     MP     PP MP  PK MP  
------------------------------------------------------------------------------------
Chris Kunitz             0  0  0   0  0   2  0  1  0  0  0/0    11:03   0:00   0:33 
Colton Sceviour          0  0  0   0  0   1  0  0  0  0  0/2    11:31   2:31   6:14 
Dan Hamhuis              0  1  1   3  2   1  2  3  0  0  0/0    26:51   2:31   7:54 
Daniel Sedin             2  0  2   3  0   8  0  0  0  0  0/0    19:11   3:26   0:00 
Derek MacKenzie          0  0  0   0  0   2  1  0  0  0  1/2    13:06   0:21  10:00 
Evgeny Medvedev          0  0  0   0  0   0  1  0  0  0  0/0    12:24   0:00   0:00 
Fedor Tyutin             0  0  0   0  0   0  1  1  0  0  0/0    20:18   0:00   6:31 
J.T. Brown               0  0  0   0  2   0  0  0  0  0  1/1    13:59   0:00   3:30 
Jonathan Toews           1  2  3   3  2   6  3  0  0  0  27/63  27:07   3:05   8:18 
Mark Stuart              0  0  0   0  0   0  3  2  0  0  0/0    15:15   0:08   1:20 
Mikael Granlund          0  0  0   0  0   1  0  0  0  0  12/23  16:35   2:31   0:26 
Niklas Kronwall          0  1  1   3  2   2  1  0  0  0  0/0    27:16   3:18   7:32 
Patrik Berglund          0  0  0   0  2   6  0  0  0  0  1/2    19:54   2:31   3:46 
Scott Hartnell           0  0  0   0  0   2  3  0  0  0  0/1    17:04   3:26   0:00 
Stephen Johns            0  0  0   0  4   0  1  0  0  0  0/0    12:22   0:00   0:00 
Tomas Tatar              0  1  1   3  2   4  2  1  0  0  0/1    19:10   3:26   0:00 
Victor Rask              0  0  0   0  0   1  0  0  0  0  6/14   13:00   2:31   0:00 
Zemgus Girgensons        0  0  0   0  0   1  0  0  0  0  0/0     2:53   0:00   0:08 

Players Stats for Oilers

Player Name              G  A  P  +/- PIM S  H  SB GA TA FO     MP     PP MP  PK MP  
------------------------------------------------------------------------------------
Aleksander Barkov        2  0  2   0  0   6  2  1  0  0  16/33  19:49   5:59   0:33 
Alex Petrovic            0  0  0  -2  2   0  2  0  0  0  0/0    14:08   0:00   0:28 
Blake Wheeler            0  0  0  -3  0   4  1  0  0  0  2/4    23:40   8:04   2:47 
Brad Marchand            0  0  0  -3  0   11 0  0  0  0  1/1    20:53   8:04   0:00 
Brent Burns              0  0  0   0  2   1  3  3  0  0  0/1    21:39   7:16   0:00 
Dominic Moore            0  0  0   0  0   0  0  0  0  0  3/4     4:03   0:00   3:10 
Francois Beauchemin      0  2  2   0  0   2  2  1  0  0  0/0    25:16   6:47   2:57 
Jannik Hansen            0  1  1   0  0   4  1  0  0  0  0/0    21:45   5:59   0:00 
Jori Lehtera             0  0  0   0  0   0  0  0  0  0  3/5     6:36   0:00   2:14 
Justin Williams          0  1  1   0  0   3  1  0  0  0  0/1    19:16   5:59   0:00 
Marc-Edouard Vlasic      0  0  0  -2  0   3  0  2  0  0  0/0    24:29   7:16   3:32 
Marco Scandella          0  0  0  -1  0   0  0  0  0  0  0/0    20:12   6:47   0:00 
Matt Read                0  0  0   0  0   2  0  0  0  0  1/1    15:20   0:00   3:10 
Michael Grabner          0  0  0   0  0   1  1  0  0  0  0/1    12:10   0:00   0:00 
Nicklas Grossmann        0  0  0   0  2   0  1  0  0  0  0/0     4:05   0:00   1:58 
Ryan Getzlaf             0  0  0  -3  0   3  2  1  0  0  25/42  25:15   8:04   0:00 
Ryan Johansen            0  0  0   0  0   3  2  0  0  0  10/16  12:10   0:00   0:00 
Zbynek Michalek          0  0  0  -1  0   0  0  0  0  0  0/0    16:24   0:00   2:59 

3 Stars

1 - Daniel Sedin (LOS)
2 - Jonathan Toews (LOS)
3 - Aleksander Barkov (EDM)

Power Play

Kings - 0 on 3 Attempt(s) - 0.00%
Oilers - 2 on 8 Attempt(s) - 25.00%

Penalty Kill

Kings - 6 on 8 Attempt(s) - 75.00% - Score 0 goal in Penalty Kill
Oilers - 3 on 3 Attempt(s) - 100.00% - Score 0 goal in Penalty Kill

Team Stat

Kings - Hits : 18 - Faceoff Wins : 48 - Blocked Shots : 8 - Penalty Minutes : 16
Oilers - Hits : 18 - Faceoff Wins : 61 - Blocked Shots : 8 - Penalty Minutes : 6

Official

Referees : Rob Martell and Justin StPierre
Linesman : Shane Heyer and Steve Barton

Game Notes

No Game Note

Finance

Level 1 -- Attendance: 6433 (98.97%) -- Ticket Income $598,269
Level 2 -- Attendance: 4854 (97.08%) -- Ticket Income $354,342
Level 3 -- Attendance: 2783 (79.51%) -- Ticket Income $180,895
Level 4 -- Attendance: 839 (100.00%) -- Ticket Income $52,018
Luxury Box -- Attendance: 1000 (100.00%) -- Ticket Income $195,000
Game was played at the Rexall Place.
Total Attendance: 15909 (94.48%)
Total Ticket Income: $1,380,524
Other Income: $207,079
Total Income: $1,587,603

% Time on Ice - Kings

Lines # - Real PCT - Wanted PCT - Time Play
Normal Forward
1 - 37% - 35% - 15:45
2 - 32% - 30% - 13:38
3 - 25% - 25% - 10:30
4 - 6% - 10% - 2:45
Normal Defense
1 - 39% - 40% - 16:27
2 - 32% - 30% - 13:47
3 - 29% - 20% - 12:24
4 - 0% - 10% - 0:00
PP Forward
1 - 58% - 60% - 3:26
2 - 42% - 40% - 2:31
PP Defense
1 - 58% - 60% - 3:26
2 - 42% - 40% - 2:31
PK Forward
1 - 71% - 60% - 10:00
2 - 29% - 40% - 4:03
PK Defense
1 - 64% - 60% - 8:57
2 - 36% - 40% - 5:06
PK3 Forward
1 - 0% - 60%
2 - 0% - 40%
PK3 Defense
1 - 0% - 60%
2 - 0% - 40%
44 Forward
1 - 0% - 60%
2 - 0% - 40%
44 Defense
1 - 0% - 60%
2 - 0% - 40%
Last Minute Offensive  - 0:00
Last Minute Defensive  - 0:00
Total
Forward - 62:38
Defense - 62:38

% Time on Ice - Oilers

Lines # - Real PCT - Wanted PCT - Time Play
Normal Forward
1 - 30% - 30% - 12:49
2 - 31% - 30% - 13:17
3 - 29% - 25% - 12:10
4 - 10% - 15% - 4:22
Normal Defense
1 - 31% - 30% - 13:24
2 - 32% - 30% - 13:41
3 - 31% - 30% - 13:25
4 - 5% - 10% - 2:08
PP Forward
1 - 57% - 50% - 8:04
2 - 43% - 50% - 5:59
PP Defense
1 - 52% - 50% - 7:16
2 - 48% - 50% - 6:47
PK Forward
1 - 53% - 50% - 3:10
2 - 47% - 50% - 2:47
PK Defense
1 - 62% - 50% - 3:41
2 - 38% - 50% - 2:16
PK3 Forward
1 - 0% - 50%
2 - 0% - 50%
PK3 Defense
1 - 0% - 50%
2 - 0% - 50%
44 Forward
1 - 0% - 50%
2 - 0% - 50%
44 Defense
1 - 0% - 50%
2 - 0% - 50%
Last Minute Offensive  - 0:00
Last Minute Defensive  - 0:00
Total
Forward - 62:38
Defense - 62:38

Play by Play

1st period


0:01 of 1st period - Jonathan Toews wins face-off versus Blake Wheeler in neutral zone.
0:17 of 1st period - Shot by Tomas Tatar.
0:17 of 1st period - Shot Misses the Net.
0:23 of 1st period - Brad Marchand is hit by Jonathan Toews and loses puck.
0:43 of 1st period - Shot by Blake Wheeler.
0:43 of 1st period - Shot Misses the Net.
0:45 of 1st period - Shot by Brad Marchand.
0:45 of 1st period - Shot Misses the Net.
0:47 of 1st period - Shot by Blake Wheeler.
0:47 of 1st period - Shot Blocked by Dan Hamhuis.
1:13 of 1st period - Shot by Scott Hartnell.
1:13 of 1st period - Stopped by Martin Jones without a rebound.
1:14 of 1st period - Ryan Johansen wins face-off versus Victor Rask in Oilers zone.
1:38 of 1st period - Matt Read is hit by Stephen Johns and loses puck.
1:50 of 1st period - Icing by Evgeny Medvedev.
1:51 of 1st period - Aleksander Barkov wins face-off versus Victor Rask in Kings zone.
1:53 of 1st period - Minor Penalty to Stephen Johns for Holding.
1:54 of 1st period - Jonathan Toews wins face-off versus Blake Wheeler in Kings zone.
3:15 of 1st period - Shot by Francois Beauchemin.
3:15 of 1st period - Stopped by Steve Mason without a rebound.
3:16 of 1st period - J.T. Brown wins face-off versus Aleksander Barkov in Kings zone.
3:16 of 1st period - J.T. Brown is hit by Jannik Hansen.
4:43 of 1st period - Chris Kunitz is hit by Alex Petrovic and loses puck.
4:44 of 1st period - Minor Penalty to Alex Petrovic for Roughing.
4:45 of 1st period - Jori Lehtera wins face-off versus Jonathan Toews in Oilers zone.
4:45 of 1st period - Blake Wheeler is hit by Scott Hartnell and loses puck.
5:19 of 1st period - Icing by Niklas Kronwall.
5:20 of 1st period - Matt Read wins face-off versus Jonathan Toews in Kings zone.
5:29 of 1st period - Francois Beauchemin is hit by Scott Hartnell.
5:48 of 1st period - Shot by Colton Sceviour.
5:48 of 1st period - Shot Misses the Net.
6:44 of 1st period - Shot by Daniel Sedin.
6:44 of 1st period - Stopped by Martin Jones without a rebound.
6:45 of 1st period - Victor Rask wins face-off versus Aleksander Barkov in Oilers zone.
6:54 of 1st period - J.T. Brown is hit by Aleksander Barkov.
7:08 of 1st period - Shot by Chris Kunitz.
7:08 of 1st period - Stopped by Martin Jones without a rebound.
7:09 of 1st period - Blake Wheeler wins face-off versus Derek MacKenzie in Oilers zone.
7:44 of 1st period - Francois Beauchemin is hit by Derek MacKenzie and loses puck.
7:56 of 1st period - Minor Penalty to Patrik Berglund for Holding.
7:57 of 1st period - Aleksander Barkov wins face-off versus Jonathan Toews in Kings zone.
8:14 of 1st period - Shot by Brent Burns.
8:14 of 1st period - Stopped by Steve Mason without a rebound.
8:15 of 1st period - Aleksander Barkov wins face-off versus Jonathan Toews in Kings zone.
8:51 of 1st period - Shot by Aleksander Barkov.
8:51 of 1st period - Goal by Aleksander Barkov - Kings : 0 - Oilers : 1.
8:52 of 1st period - Ryan Getzlaf wins face-off versus Mikael Granlund in neutral zone.
9:11 of 1st period - Shot by Scott Hartnell.
9:11 of 1st period - Shot Misses the Net.
9:20 of 1st period - Shot by Patrik Berglund.
9:20 of 1st period - Stopped by Martin Jones without a rebound.
9:21 of 1st period - Ryan Johansen wins face-off versus Jonathan Toews in Oilers zone.
10:00 of 1st period - Shot by Jonathan Toews.
10:00 of 1st period - Stopped by Martin Jones without a rebound.
10:01 of 1st period - Mikael Granlund wins face-off versus Aleksander Barkov in Oilers zone.
10:01 of 1st period - Mikael Granlund is hit by Brent Burns.
10:18 of 1st period - Icing by Niklas Kronwall.
10:19 of 1st period - Mikael Granlund wins face-off versus Ryan Getzlaf in Kings zone.
10:24 of 1st period - Marc-Edouard Vlasic is hit by Scott Hartnell and loses puck.
10:34 of 1st period - Off-side.
10:35 of 1st period - Jonathan Toews wins face-off versus Aleksander Barkov in neutral zone.
10:54 of 1st period - Shot by Jonathan Toews.
10:54 of 1st period - Shot Misses the Net.
11:43 of 1st period - Shot by Ryan Getzlaf.
11:43 of 1st period - Shot Misses the Net.
11:56 of 1st period - Shot by Mikael Granlund.
11:56 of 1st period - Shot Misses the Net.
12:50 of 1st period - Stephen Johns is hit by Ryan Johansen and loses puck.
13:33 of 1st period - Shot by Brad Marchand.
13:33 of 1st period - Stopped by Steve Mason without a rebound.
13:34 of 1st period - Jonathan Toews wins face-off versus Aleksander Barkov in Kings zone.
13:51 of 1st period - Shot by Jonathan Toews.
13:51 of 1st period - Stopped by Martin Jones with a rebound.
13:53 of 1st period - Shot by Jonathan Toews.
13:53 of 1st period - Deflect By Tomas Tatar.
13:53 of 1st period - Stopped by Martin Jones without a rebound.
13:54 of 1st period - Ryan Getzlaf wins face-off versus Mikael Granlund in Oilers zone.
14:30 of 1st period - Shot by Scott Hartnell.
14:30 of 1st period - Shot Blocked by Brent Burns.
14:32 of 1st period - Shot by Dan Hamhuis.
14:32 of 1st period - Stopped by Martin Jones without a rebound.
14:33 of 1st period - Aleksander Barkov wins face-off versus Jonathan Toews in Oilers zone.
16:11 of 1st period - Icing by Zbynek Michalek.
16:12 of 1st period - Mikael Granlund wins face-off versus Ryan Johansen in Oilers zone.
16:13 of 1st period - Shot by Patrik Berglund.
16:13 of 1st period - Stopped by Martin Jones without a rebound.
16:14 of 1st period - Jori Lehtera wins face-off versus Mikael Granlund in Oilers zone.
16:18 of 1st period - Francois Beauchemin is hit by Dan Hamhuis and loses puck.
16:26 of 1st period - Minor Penalty to Dan Hamhuis for Interference.
16:27 of 1st period - Ryan Getzlaf wins face-off versus Jonathan Toews in Kings zone.
17:07 of 1st period - Icing by Ryan Getzlaf.
17:08 of 1st period - Ryan Getzlaf wins face-off versus Patrik Berglund in Oilers zone.
17:40 of 1st period - Shot by Aleksander Barkov.
17:40 of 1st period - Goal by Aleksander Barkov - Kings : 0 - Oilers : 2.
17:41 of 1st period - Aleksander Barkov wins face-off versus Mikael Granlund in neutral zone.
17:54 of 1st period - Shot by Justin Williams.
17:54 of 1st period - Shot Misses the Net.
17:56 of 1st period - Shot by Jannik Hansen.
17:56 of 1st period - Shot Misses the Net.
18:29 of 1st period - Justin Williams is hit by Evgeny Medvedev and loses puck.
18:43 of 1st period - Patrik Berglund is hit by Ryan Johansen and loses puck.
18:48 of 1st period - Shot by Ryan Johansen.
18:48 of 1st period - Stopped by Steve Mason without a rebound.
18:49 of 1st period - Ryan Getzlaf wins face-off versus Jonathan Toews in Kings zone.
18:56 of 1st period - Shot by Brad Marchand.
18:56 of 1st period - Shot Misses the Net.
19:06 of 1st period - Marc-Edouard Vlasic is hit by Jonathan Toews and loses puck.
19:10 of 1st period - Minor Penalty to Jonathan Toews for High sticking.
19:11 of 1st period - Mikael Granlund wins face-off versus Ryan Getzlaf in Kings zone.
19:38 of 1st period - Shot by Brad Marchand.
19:38 of 1st period - Stopped by Steve Mason without a rebound.
19:39 of 1st period - Aleksander Barkov wins face-off versus Colton Sceviour in Kings zone.
Goals for this period are 0 for Kings vs 2 for Oilers.
Shots for this period are 9 for Kings vs 7 for Oilers.

2nd period


0:01 of 2nd period - Ryan Getzlaf wins face-off versus Colton Sceviour in neutral zone.
0:05 of 2nd period - Brad Marchand is hit by Niklas Kronwall and loses puck.
1:11 of 2nd period - Shot by Mikael Granlund.
1:11 of 2nd period - Shot Misses the Net.
1:36 of 2nd period - Shot by Daniel Sedin.
1:36 of 2nd period - Stopped by Martin Jones with a rebound.
1:38 of 2nd period - Shot by Evgeny Medvedev.
1:38 of 2nd period - Shot Blocked by Marc-Edouard Vlasic.
1:40 of 2nd period - Shot by Jonathan Toews.
1:40 of 2nd period - Shot Hit the Post.
1:42 of 2nd period - Shot by Tomas Tatar.
1:42 of 2nd period - Shot Misses the Net.
2:15 of 2nd period - Shot by Aleksander Barkov.
2:15 of 2nd period - Stopped by Steve Mason without a rebound.
2:16 of 2nd period - Victor Rask wins face-off versus Brent Burns in Kings zone.
3:20 of 2nd period - Icing by Mikael Granlund.
3:21 of 2nd period - Mikael Granlund wins face-off versus Aleksander Barkov in Kings zone.
3:21 of 2nd period - Mikael Granlund is hit by Aleksander Barkov.
3:41 of 2nd period - Shot by Justin Williams.
3:41 of 2nd period - Shot Blocked by Mark Stuart.
3:57 of 2nd period - Shot by Aleksander Barkov.
3:57 of 2nd period - Stopped by Steve Mason with a rebound.
3:59 of 2nd period - Shot by Marc-Edouard Vlasic.
3:59 of 2nd period - Stopped by Steve Mason without a rebound.
4:00 of 2nd period - Jonathan Toews wins face-off versus Michael Grabner in Kings zone.
4:09 of 2nd period - Icing by Daniel Sedin.
4:10 of 2nd period - Ryan Johansen wins face-off versus Jonathan Toews in Kings zone.
4:51 of 2nd period - Shot by Ryan Johansen.
4:51 of 2nd period - Stopped by Steve Mason without a rebound.
4:52 of 2nd period - Ryan Getzlaf wins face-off versus Victor Rask in Kings zone.
5:01 of 2nd period - Shot by Brad Marchand.
5:01 of 2nd period - Deflect By Blake Wheeler.
5:01 of 2nd period - Stopped by Steve Mason without a rebound.
5:02 of 2nd period - Ryan Getzlaf wins face-off versus Mikael Granlund in Kings zone.
5:03 of 2nd period - Shot by Brad Marchand.
5:03 of 2nd period - Stopped by Steve Mason with a rebound.
5:05 of 2nd period - Shot by Ryan Getzlaf.
5:05 of 2nd period - Shot Misses the Net.
5:14 of 2nd period - Shot by Brad Marchand.
5:14 of 2nd period - Shot Misses the Net.
5:16 of 2nd period - Shot by Alex Petrovic.
5:16 of 2nd period - Shot Misses the Net.
5:20 of 2nd period - Shot by Brad Marchand.
5:20 of 2nd period - Stopped by Steve Mason with a rebound.
5:47 of 2nd period - Ryan Getzlaf is hit by Mark Stuart and loses puck.
6:12 of 2nd period - Aleksander Barkov is hit by Tomas Tatar and loses puck.
6:32 of 2nd period - Shot by Aleksander Barkov.
6:32 of 2nd period - Stopped by Steve Mason without a rebound.
6:33 of 2nd period - Ryan Johansen wins face-off versus Victor Rask in Kings zone.
6:37 of 2nd period - Minor Penalty to Stephen Johns for Roughing.
6:38 of 2nd period - Jonathan Toews wins face-off versus Ryan Getzlaf in Kings zone.
6:46 of 2nd period - Icing by Francois Beauchemin.
6:47 of 2nd period - Jonathan Toews wins face-off versus Ryan Getzlaf in Oilers zone.
7:03 of 2nd period - Shot by Brad Marchand.
7:03 of 2nd period - Stopped by Steve Mason with a rebound.
7:55 of 2nd period - Icing by Jannik Hansen.
7:56 of 2nd period - Jonathan Toews wins face-off versus Aleksander Barkov in Oilers zone.
8:20 of 2nd period - Off-side.
8:21 of 2nd period - Jonathan Toews wins face-off versus Ryan Getzlaf in neutral zone.
8:28 of 2nd period - Shot by Jonathan Toews.
8:28 of 2nd period - Stopped by Martin Jones without a rebound.
8:29 of 2nd period - Ryan Getzlaf wins face-off versus Jonathan Toews in Oilers zone.
9:11 of 2nd period - Icing by Marco Scandella.
9:12 of 2nd period - Ryan Johansen wins face-off versus Jonathan Toews in Oilers zone.
9:12 of 2nd period - Ryan Johansen is hit by Tomas Tatar.
9:32 of 2nd period - Minor Penalty to Tomas Tatar for Hooking.
9:33 of 2nd period - Jonathan Toews wins face-off versus Aleksander Barkov in Kings zone.
9:50 of 2nd period - Shot by Jannik Hansen.
9:50 of 2nd period - Stopped by Steve Mason without a rebound.
9:51 of 2nd period - Jonathan Toews wins face-off versus Ryan Getzlaf in Kings zone.
9:51 of 2nd period - Dan Hamhuis is hit by Ryan Getzlaf and loses puck.
10:06 of 2nd period - Shot by Marc-Edouard Vlasic.
10:06 of 2nd period - Stopped by Steve Mason without a rebound.
10:07 of 2nd period - Aleksander Barkov wins face-off versus Jonathan Toews in Kings zone.
10:16 of 2nd period - Shot by Jannik Hansen.
10:16 of 2nd period - Stopped by Steve Mason without a rebound.
10:17 of 2nd period - Ryan Getzlaf wins face-off versus Jonathan Toews in Kings zone.
10:42 of 2nd period - Shot by Brad Marchand.
10:42 of 2nd period - Shot Blocked by Fedor Tyutin.
11:18 of 2nd period - Icing by Brad Marchand.
11:19 of 2nd period - Jonathan Toews wins face-off versus Ryan Getzlaf in Oilers zone.
11:24 of 2nd period - Shot by Jonathan Toews.
11:24 of 2nd period - Shot Misses the Net.
11:26 of 2nd period - Shot by Niklas Kronwall.
11:26 of 2nd period - Stopped by Martin Jones without a rebound.
11:27 of 2nd period - Patrik Berglund wins face-off versus Aleksander Barkov in Oilers zone.
12:32 of 2nd period - Icing by Nicklas Grossmann.
12:33 of 2nd period - Victor Rask wins face-off versus Aleksander Barkov in Oilers zone.
12:33 of 2nd period - Victor Rask is hit by Nicklas Grossmann.
12:34 of 2nd period - Minor Penalty to Nicklas Grossmann for Hooking.
12:35 of 2nd period - Jonathan Toews wins face-off versus Jori Lehtera in Oilers zone.
13:03 of 2nd period - Icing by Jonathan Toews.
13:04 of 2nd period - Dominic Moore wins face-off versus Jonathan Toews in Kings zone.
13:25 of 2nd period - Shot by Niklas Kronwall.
13:25 of 2nd period - Stopped by Martin Jones without a rebound.
13:26 of 2nd period - Jori Lehtera wins face-off versus Mikael Granlund in Oilers zone.
13:32 of 2nd period - Icing by Colton Sceviour.
13:33 of 2nd period - Mikael Granlund wins face-off versus Jori Lehtera in Kings zone.
14:11 of 2nd period - Shot by Patrik Berglund.
14:11 of 2nd period - Stopped by Martin Jones without a rebound.
14:12 of 2nd period - Dominic Moore wins face-off versus Jonathan Toews in Oilers zone.
14:32 of 2nd period - Shot by Scott Hartnell.
14:32 of 2nd period - Shot Misses the Net.
14:38 of 2nd period - Shot by Chris Kunitz.
14:38 of 2nd period - Deflect By Victor Rask.
14:38 of 2nd period - Shot Blocked by Aleksander Barkov.
15:24 of 2nd period - Shot by Ryan Getzlaf.
15:24 of 2nd period - Stopped by Steve Mason without a rebound.
15:25 of 2nd period - Jonathan Toews wins face-off versus Ryan Getzlaf in Kings zone.
15:25 of 2nd period - Jonathan Toews is hit by Ryan Getzlaf.
15:35 of 2nd period - Shot by Blake Wheeler.
15:35 of 2nd period - Shot Misses the Net.
15:45 of 2nd period - Shot by Jonathan Toews.
15:45 of 2nd period - Deflect By Tomas Tatar.
15:45 of 2nd period - Shot Misses the Net.
15:47 of 2nd period - Shot by Tomas Tatar.
15:47 of 2nd period - Shot Misses the Net.
15:49 of 2nd period - Shot by Daniel Sedin.
15:49 of 2nd period - Goal by Daniel Sedin - Kings : 1 - Oilers : 2.
15:50 of 2nd period - Ryan Johansen wins face-off versus Mikael Granlund in neutral zone.
15:59 of 2nd period - Shot by Matt Read.
15:59 of 2nd period - Deflect By Ryan Johansen.
15:59 of 2nd period - Shot Misses the Net.
16:24 of 2nd period - Shot by Matt Read.
16:24 of 2nd period - Stopped by Steve Mason without a rebound.
16:25 of 2nd period - Ryan Getzlaf wins face-off versus Jonathan Toews in Kings zone.
16:40 of 2nd period - Icing by Tomas Tatar.
16:41 of 2nd period - Aleksander Barkov wins face-off versus Jonathan Toews in Kings zone.
16:42 of 2nd period - Shot by Justin Williams.
16:42 of 2nd period - Stopped by Steve Mason without a rebound.
16:43 of 2nd period - Jonathan Toews wins face-off versus Ryan Getzlaf in Kings zone.
16:50 of 2nd period - Shot by Ryan Getzlaf.
16:50 of 2nd period - Stopped by Steve Mason without a rebound.
16:51 of 2nd period - Jonathan Toews wins face-off versus Ryan Getzlaf in Kings zone.
16:58 of 2nd period - Shot by Daniel Sedin.
16:58 of 2nd period - Shot Misses the Net.
17:02 of 2nd period - Shot by Tomas Tatar.
17:02 of 2nd period - Shot Misses the Net.
17:04 of 2nd period - Shot by Niklas Kronwall.
17:04 of 2nd period - Shot Blocked by Brent Burns.
17:06 of 2nd period - Shot by Jonathan Toews.
17:06 of 2nd period - Shot Blocked by Francois Beauchemin.
17:08 of 2nd period - Shot by Dan Hamhuis.
17:08 of 2nd period - Deflect By Daniel Sedin.
17:08 of 2nd period - Stopped by Martin Jones without a rebound.
17:09 of 2nd period - Aleksander Barkov wins face-off versus Victor Rask in Oilers zone.
17:14 of 2nd period - Shot by Jannik Hansen.
17:14 of 2nd period - Stopped by Steve Mason without a rebound.
17:15 of 2nd period - Jonathan Toews wins face-off versus Ryan Getzlaf in Kings zone.
17:39 of 2nd period - Ryan Getzlaf is hit by Jonathan Toews and loses puck.
17:56 of 2nd period - Shot by Daniel Sedin.
17:56 of 2nd period - Shot Blocked by Ryan Getzlaf.
17:58 of 2nd period - Shot by Daniel Sedin.
17:58 of 2nd period - Shot Misses the Net.
18:20 of 2nd period - Shot by Chris Kunitz.
18:20 of 2nd period - Shot Blocked by Marc-Edouard Vlasic.
18:23 of 2nd period - Icing by Jannik Hansen.
18:24 of 2nd period - Mikael Granlund wins face-off versus Justin Williams in Oilers zone.
19:04 of 2nd period - Icing by Aleksander Barkov.
19:05 of 2nd period - Aleksander Barkov wins face-off versus Victor Rask in Oilers zone.
19:16 of 2nd period - Victor Rask is hit by Justin Williams.
19:50 of 2nd period - Shot by Ryan Getzlaf.
19:50 of 2nd period - Shot Blocked by Dan Hamhuis.
Goals for this period are 1 for Kings vs 0 for Oilers.
Shots for this period are 7 for Kings vs 17 for Oilers.

3rd period


0:01 of 3rd period - Blake Wheeler wins face-off versus Jonathan Toews in neutral zone.
0:03 of 3rd period - Brad Marchand is hit by Dan Hamhuis and loses puck.
0:14 of 3rd period - Shot by Daniel Sedin.
0:14 of 3rd period - Shot Misses the Net.
0:16 of 3rd period - Shot by Jonathan Toews.
0:16 of 3rd period - Stopped by Martin Jones with a rebound.
0:18 of 3rd period - Shot by Tomas Tatar.
0:18 of 3rd period - Stopped by Martin Jones with a rebound.
0:20 of 3rd period - Shot by Jonathan Toews.
0:20 of 3rd period - Shot Misses the Net.
0:22 of 3rd period - Shot by Tomas Tatar.
0:22 of 3rd period - Stopped by Martin Jones without a rebound.
0:23 of 3rd period - Mikael Granlund wins face-off versus Aleksander Barkov in Oilers zone.
0:24 of 3rd period - Shot by Patrik Berglund.
0:24 of 3rd period - Stopped by Martin Jones with a rebound.
0:56 of 3rd period - Brent Burns is hit by Mark Stuart and loses puck.
1:02 of 3rd period - Justin Williams is hit by Fedor Tyutin.
1:04 of 3rd period - Shot by Jannik Hansen.
1:04 of 3rd period - Shot Misses the Net.
1:22 of 3rd period - Shot by Blake Wheeler.
1:22 of 3rd period - Stopped by Steve Mason without a rebound.
1:23 of 3rd period - Jonathan Toews wins face-off versus Ryan Getzlaf in Kings zone.
1:46 of 3rd period - Shot by Daniel Sedin.
1:46 of 3rd period - Stopped by Martin Jones without a rebound.
1:47 of 3rd period - Victor Rask wins face-off versus Ryan Johansen in Oilers zone.
1:52 of 3rd period - Shot by Chris Kunitz.
1:52 of 3rd period - Shot Misses the Net.
2:08 of 3rd period - Shot by Matt Read.
2:08 of 3rd period - Shot Misses the Net.
2:10 of 3rd period - Shot by Marco Scandella.
2:10 of 3rd period - Shot Misses the Net.
2:12 of 3rd period - Shot by Ryan Johansen.
2:12 of 3rd period - Shot Blocked by Chris Kunitz.
2:28 of 3rd period - Shot by Michael Grabner.
2:28 of 3rd period - Stopped by Steve Mason without a rebound.
2:29 of 3rd period - Ryan Getzlaf wins face-off versus Jonathan Toews in Kings zone.
2:44 of 3rd period - Shot by Ryan Getzlaf.
2:44 of 3rd period - Shot Misses the Net.
2:50 of 3rd period - Shot by Brad Marchand.
2:50 of 3rd period - Stopped by Steve Mason without a rebound.
2:51 of 3rd period - Mikael Granlund wins face-off versus Aleksander Barkov in Kings zone.
3:13 of 3rd period - Shot by Scott Hartnell.
3:13 of 3rd period - Shot Misses the Net.
3:15 of 3rd period - Shot by Scott Hartnell.
3:15 of 3rd period - Shot Misses the Net.
3:23 of 3rd period - Shot by Patrik Berglund.
3:23 of 3rd period - Stopped by Martin Jones without a rebound.
3:24 of 3rd period - Ryan Getzlaf wins face-off versus Jonathan Toews in Oilers zone.
3:46 of 3rd period - Icing by Dan Hamhuis.
3:47 of 3rd period - Jonathan Toews wins face-off versus Ryan Johansen in Kings zone.
3:54 of 3rd period - Jonathan Toews is hit by Michael Grabner and loses puck.
4:54 of 3rd period - Chris Kunitz is hit by Brent Burns and loses puck.
4:59 of 3rd period - Shot by Victor Rask.
4:59 of 3rd period - Shot Hit the Post.
5:32 of 3rd period - Mikael Granlund is hit by Francois Beauchemin and loses puck.
6:15 of 3rd period - Shot by Zemgus Girgensons.
6:15 of 3rd period - Stopped by Martin Jones with a rebound.
6:22 of 3rd period - Derek MacKenzie is hit by Francois Beauchemin and loses puck.
6:25 of 3rd period - Shot by Colton Sceviour.
6:25 of 3rd period - Shot Misses the Net.
6:33 of 3rd period - Shot by Derek MacKenzie.
6:33 of 3rd period - Stopped by Martin Jones with a rebound.
6:35 of 3rd period - Shot by Derek MacKenzie.
6:35 of 3rd period - Shot Misses the Net.
6:37 of 3rd period - Shot by Colton Sceviour.
6:37 of 3rd period - Stopped by Martin Jones with a rebound.
6:39 of 3rd period - Shot by Colton Sceviour.
6:39 of 3rd period - Deflect By Derek MacKenzie.
6:39 of 3rd period - Shot Misses the Net.
6:53 of 3rd period - Shot by Daniel Sedin.
6:53 of 3rd period - Stopped by Martin Jones without a rebound.
6:53 of 3rd period - Minor Penalty to Brent Burns for Slashing.
6:54 of 3rd period - Dominic Moore wins face-off versus Jonathan Toews in Oilers zone.
7:59 of 3rd period - Shot by Victor Rask.
7:59 of 3rd period - Stopped by Martin Jones without a rebound.
8:00 of 3rd period - Mikael Granlund wins face-off versus Dominic Moore in Oilers zone.
8:05 of 3rd period - Shot by Victor Rask.
8:05 of 3rd period - Shot Misses the Net.
8:47 of 3rd period - Shot by Jonathan Toews.
8:47 of 3rd period - Stopped by Martin Jones without a rebound.
8:48 of 3rd period - Aleksander Barkov wins face-off versus Jonathan Toews in Oilers zone.
8:57 of 3rd period - Fedor Tyutin is hit by Blake Wheeler and loses puck.
9:06 of 3rd period - Shot by Brad Marchand.
9:06 of 3rd period - Shot Misses the Net.
9:47 of 3rd period - Icing by Evgeny Medvedev.
9:48 of 3rd period - Jonathan Toews wins face-off versus Ryan Johansen in Kings zone.
9:52 of 3rd period - Off-side.
9:53 of 3rd period - Ryan Johansen wins face-off versus Jonathan Toews in neutral zone.
9:58 of 3rd period - Minor Penalty to Niklas Kronwall for Hooking.
9:59 of 3rd period - Aleksander Barkov wins face-off versus Jonathan Toews in Kings zone.
10:39 of 3rd period - Shot by Jannik Hansen.
10:39 of 3rd period - Shot Misses the Net.
10:53 of 3rd period - Shot by J.T. Brown.
10:53 of 3rd period - Shot Blocked by Brent Burns.
10:55 of 3rd period - Shot by Patrik Berglund.
10:55 of 3rd period - Shot Misses the Net.
10:57 of 3rd period - Shot by Patrik Berglund.
10:57 of 3rd period - Stopped by Martin Jones without a rebound.
10:58 of 3rd period - Ryan Getzlaf wins face-off versus Jonathan Toews in Oilers zone.
11:00 of 3rd period - Icing by Blake Wheeler.
11:01 of 3rd period - Ryan Getzlaf wins face-off versus Jonathan Toews in Oilers zone.
11:12 of 3rd period - Shot by Ryan Getzlaf.
11:12 of 3rd period - Stopped by Steve Mason without a rebound.
11:13 of 3rd period - Ryan Getzlaf wins face-off versus Jonathan Toews in Kings zone.
11:14 of 3rd period - Shot by Brad Marchand.
11:14 of 3rd period - Shot Misses the Net.
11:16 of 3rd period - Shot by Marc-Edouard Vlasic.
11:16 of 3rd period - Stopped by Steve Mason without a rebound.
11:17 of 3rd period - Ryan Getzlaf wins face-off versus Jonathan Toews in Kings zone.
11:22 of 3rd period - Shot by Francois Beauchemin.
11:22 of 3rd period - Stopped by Steve Mason without a rebound.
11:23 of 3rd period - Jonathan Toews wins face-off versus Aleksander Barkov in Kings zone.
11:32 of 3rd period - Shot by Jonathan Toews.
11:32 of 3rd period - Deflect By Derek MacKenzie.
11:32 of 3rd period - Stopped by Martin Jones without a rebound.
11:33 of 3rd period - Jonathan Toews wins face-off versus Ryan Getzlaf in Oilers zone.
11:33 of 3rd period - Jonathan Toews is hit by Brent Burns.
11:53 of 3rd period - Shot by Brad Marchand.
11:53 of 3rd period - Shot Blocked by Dan Hamhuis.
12:13 of 3rd period - Shot by Aleksander Barkov.
12:13 of 3rd period - Deflect By Jannik Hansen.
12:13 of 3rd period - Stopped by Steve Mason without a rebound.
12:14 of 3rd period - Ryan Johansen wins face-off versus Scott Hartnell in Kings zone.
12:28 of 3rd period - Icing by Mark Stuart.
12:29 of 3rd period - Ryan Getzlaf wins face-off versus Mikael Granlund in Kings zone.
12:30 of 3rd period - Shot by Brad Marchand.
12:30 of 3rd period - Stopped by Steve Mason without a rebound.
12:31 of 3rd period - Ryan Getzlaf wins face-off versus Jonathan Toews in Kings zone.
12:57 of 3rd period - Shot by Daniel Sedin.
12:57 of 3rd period - Deflect By Jonathan Toews.
12:57 of 3rd period - Shot Misses the Net.
12:59 of 3rd period - Shot by Daniel Sedin.
12:59 of 3rd period - Goal by Daniel Sedin - Kings : 2 - Oilers : 2.
13:00 of 3rd period - Mikael Granlund wins face-off versus Aleksander Barkov in neutral zone.
13:07 of 3rd period - Shot by Scott Hartnell.
13:07 of 3rd period - Stopped by Martin Jones without a rebound.
13:08 of 3rd period - Mikael Granlund wins face-off versus Aleksander Barkov in Oilers zone.
13:29 of 3rd period - Shot by Mikael Granlund.
13:29 of 3rd period - Stopped by Martin Jones without a rebound.
13:30 of 3rd period - Jonathan Toews wins face-off versus Ryan Getzlaf in Oilers zone.
13:33 of 3rd period - Shot by Daniel Sedin.
13:33 of 3rd period - Stopped by Martin Jones without a rebound.
13:34 of 3rd period - Ryan Getzlaf wins face-off versus Tomas Tatar in Oilers zone.
14:02 of 3rd period - Shot by Brad Marchand.
14:02 of 3rd period - Stopped by Steve Mason without a rebound.
14:03 of 3rd period - Aleksander Barkov wins face-off versus Mikael Granlund in Kings zone.
14:19 of 3rd period - Icing by Scott Hartnell.
14:20 of 3rd period - Ryan Johansen wins face-off versus Mikael Granlund in Kings zone.
14:20 of 3rd period - Francois Beauchemin is hit by Mark Stuart and loses puck.
14:41 of 3rd period - Shot by Matt Read.
14:41 of 3rd period - Shot Misses the Net.
15:56 of 3rd period - Shot by Aleksander Barkov.
15:56 of 3rd period - Stopped by Steve Mason without a rebound.
15:57 of 3rd period - Brad Marchand wins face-off versus Jonathan Toews in Kings zone.
16:27 of 3rd period - Shot by Brad Marchand.
16:27 of 3rd period - Stopped by Steve Mason without a rebound.
16:28 of 3rd period - Ryan Johansen wins face-off versus Victor Rask in Kings zone.
16:46 of 3rd period - Icing by Brent Burns.
16:47 of 3rd period - Derek MacKenzie wins face-off versus Ryan Johansen in Oilers zone.
17:06 of 3rd period - Shot by Colton Sceviour.
17:06 of 3rd period - Shot Misses the Net.
17:16 of 3rd period - Shot by Ryan Johansen.
17:16 of 3rd period - Stopped by Steve Mason without a rebound.
17:17 of 3rd period - Aleksander Barkov wins face-off versus Jonathan Toews in Kings zone.
17:18 of 3rd period - Shot by Justin Williams.
17:18 of 3rd period - Stopped by Steve Mason without a rebound.
17:19 of 3rd period - Jonathan Toews wins face-off versus Aleksander Barkov in Kings zone.
17:21 of 3rd period - Icing by Daniel Sedin.
17:22 of 3rd period - Aleksander Barkov wins face-off versus Jonathan Toews in Kings zone.
18:25 of 3rd period - Shot by Brad Marchand.
18:25 of 3rd period - Stopped by Steve Mason without a rebound.
18:26 of 3rd period - Victor Rask wins face-off versus Ryan Johansen in Kings zone.
18:38 of 3rd period - Minor Penalty to J.T. Brown for Holding.
18:39 of 3rd period - Jonathan Toews wins face-off versus Ryan Getzlaf in Kings zone.
Goals for this period are 1 for Kings vs 0 for Oilers.
Shots for this period are 18 for Kings vs 14 for Oilers.

Overtime #1


0:01 of 1st overtime period - Jonathan Toews wins face-off versus Aleksander Barkov in neutral zone.
0:34 of 1st overtime period - Shot by Justin Williams.
0:34 of 1st overtime period - Stopped by Steve Mason without a rebound.
0:35 of 1st overtime period - Ryan Getzlaf wins face-off versus Jonathan Toews in Kings zone.
0:42 of 1st overtime period - Shot by Ryan Johansen.
0:42 of 1st overtime period - Shot Misses the Net.
0:44 of 1st overtime period - Shot by Matt Read.
0:44 of 1st overtime period - Stopped by Steve Mason without a rebound.
0:45 of 1st overtime period - Jonathan Toews wins face-off versus Ryan Getzlaf in Kings zone.
0:49 of 1st overtime period - Daniel Sedin is hit by Alex Petrovic and loses puck.
1:05 of 1st overtime period - Icing by Marc-Edouard Vlasic.
1:06 of 1st overtime period - Victor Rask wins face-off versus Ryan Getzlaf in Oilers zone.
1:15 of 1st overtime period - Shot by Chris Kunitz.
1:15 of 1st overtime period - Stopped by Martin Jones without a rebound.
1:16 of 1st overtime period - Aleksander Barkov wins face-off versus Jonathan Toews in Oilers zone.
1:47 of 1st overtime period - Shot by Tomas Tatar.
1:47 of 1st overtime period - Stopped by Martin Jones without a rebound.
1:48 of 1st overtime period - Ryan Getzlaf wins face-off versus Victor Rask in Oilers zone.
1:55 of 1st overtime period - Shot by Brad Marchand.
1:55 of 1st overtime period - Stopped by Steve Mason without a rebound.
1:56 of 1st overtime period - Ryan Getzlaf wins face-off versus Mikael Granlund in Kings zone.
1:59 of 1st overtime period - Shot by Brad Marchand.
1:59 of 1st overtime period - Shot Blocked by Mark Stuart.
2:05 of 1st overtime period - Shot by Blake Wheeler.
2:05 of 1st overtime period - Stopped by Steve Mason without a rebound.
2:06 of 1st overtime period - Ryan Getzlaf wins face-off versus Jonathan Toews in Kings zone.
2:07 of 1st overtime period - Shot by Blake Wheeler.
2:07 of 1st overtime period - Stopped by Steve Mason without a rebound.
2:08 of 1st overtime period - Ryan Getzlaf wins face-off versus Jonathan Toews in Kings zone.
2:13 of 1st overtime period - Shot by Ryan Getzlaf.
2:13 of 1st overtime period - Shot Blocked by Tomas Tatar.
2:33 of 1st overtime period - Shot by Jonathan Toews.
2:33 of 1st overtime period - Shot Misses the Net.
2:35 of 1st overtime period - Shot by Dan Hamhuis.
2:35 of 1st overtime period - Shot Misses the Net.
2:37 of 1st overtime period - Shot by Jonathan Toews.
2:37 of 1st overtime period - Goal by Jonathan Toews - Kings : 3 - Oilers : 2.
Goals for this period are 1 for Kings vs 0 for Oilers.
Shots for this period are 3 for Kings vs 5 for Oilers.